 Dungeon Crawl Stone Soup version 0.27.0-1-g7a08968 (webtiles) character file.

Game seed: 2298592328075843324

427 thesequoiad the Shield-Bearer (level 6, -1/57 HPs)
             Began as a Minotaur Fighter on Aug 14, 2021.
             Slain by Duvessa (2 damage)
             ... on level 4 of the Dungeon.
             The game lasted 00:07:04 (2860 turns).

thesequoiad the Shield-Bearer (Minotaur Fighter)    Turns: 2860, Time: 00:07:05

Health: -1/57      AC:  8    Str: 23    XL:     6   Next: 65%
Magic:  5/5        EV:  8    Int:  5    God:
Gold:   173        SH: 10    Dex: 13    Spells: 5/5 levels left

rFire    + . .     SeeInvis .   a - +0 war axe
rCold    . . .     Faith    .   c - +0 kite shield
rNeg     . . .     Spirit   .   b - +0 scale mail
rPois    .         Reflect  .   (helmet restricted)
rElec    .         Harm     .   (no cloak)
rCorr    .         Rampage  .   l - +0 pair of gloves
Will     .....                  (no boots)
Stlth    ..........             (no amulet)
HPRegen  0.19/turn              j - ring of protection from fire
MPRegen  0.09/turn              (no ring)

@: mighty, brilliant
A: horns 2, retaliatory headbutt, agile 2, screaming 1, evolution 1
a: no special abilities


You were on level 4 of the Dungeon.
You visited 2 branches of the dungeon, and saw 5 of its levels.

You collected 173 gold pieces.

Inventory:

Hand Weapons
 a - a +0 war axe (weapon)
Missiles
 u - 13 boomerangs (quivered)
Armour
 b - a +0 scale mail (worn)
 c - a +0 kite shield (worn)
 l - a +0 pair of gloves (worn)
Jewellery
 j - a ring of protection from fire (left hand)
 o - an amulet of regeneration
Scrolls
 f - 2 scrolls of teleportation {unknown}
 h - a scroll of amnesia {unknown}
 k - 2 scrolls of identify {unknown}
 n - a scroll of enchant weapon {unknown}
 q - a scroll of immolation {unknown}
 s - a scroll of enchant armour {unknown}
 t - a scroll of vulnerability {unknown}
Potions
 i - a potion of ambrosia {unknown}
 m - a potion of invisibility {unknown}
 p - a potion of haste {unknown}
 r - a potion of lignification {unknown}
 v - a potion of cancellation {unknown}


   Skills:
 + Level 6.0 Fighting
 + Level 5.3 Axes
 - Level 3.6 Armour
 + Level 6.0 Shields


You had 5 spell levels left.
You didn't know any spells.
Your spell library was empty.

Dungeon Overview and Level Annotations

Branches:
Dungeon (4/15)             Temple (1/1) D:4

Altars:
Ashenzari
Cheibriados
Elyvilon
Fedhas
Kikubaaqudgha
Makhleb
Qazlal
Sif Muna
Trog
Uskayaw
Vehumet
Wu Jian
Xom
Yredelemnul
The Shining One

Shops:
D:1 (

Annotations:
D:4 Duvessa, Natasha


Innate Abilities, Weirdness & Mutations

You have a pair of horns on your head.
You reflexively headbutt those who attack you in melee.
You are very agile. (Dex +4)
You occasionally shout uncontrollably at your foes.
You evolve.


Message History

An orc priest comes into view. It is wielding a +0 short sword.
The orc wizard mumbles some strange words.
The orc wizard flickers and vanishes!
Deactivating autopickup; reactivate with Ctrl-A.
Duvessa hits you with a +1 short sword of speed.
Your Fighting skill increases to level 6!
Your Shields skill increases to level 6!
The orc priest shouts!
You block Duvessa's attack.
Duvessa hits you with a +1 short sword of speed!!
Duvessa hits you but does no damage.
Duvessa hits you with a +1 short sword of speed!
* * * LOW HITPOINT WARNING * * *
You hear a shout!
Okay, then.
You aren't carrying any items that you can evoke.
Unknown command.
Unknown command.
Okay, then.
You feel very mighty all of a sudden. You block Duvessa's attack.
Duvessa hits you with a +1 short sword of speed.
* * * LOW HITPOINT WARNING * * *
Duvessa rages.
You block Duvessa's attack. You block Duvessa's attack.
You block Duvessa's attack.
Duvessa rages.
Duvessa hits you with a +1 short sword of speed.
* * * LOW HITPOINT WARNING * * *
It was a potion of mutation.
You feel extremely strange.
You feel the urge to shout.
You feel agile.
You feel nature experimenting on you.
Don't worry, failures die fast.
You feel agile. You block Duvessa's attack. Duvessa barely misses you.
You furiously retaliate!
You headbutt Duvessa.
It was a potion of brilliance.
You feel clever all of a sudden.
Duvessa hits you with a +1 short sword of speed.
You die...

######### #.......#
####.......#
..........########
###.#..............# ###
....#.......######.# ##.##
............# #.# ##...##
.#.#........######.####.....##
......##........@e..o.....).[#
......#######.####.####.....##
......# #.####.# ##...##
^..#### #).....# ....... ...##
### #.###### #.#.#### ....#
##.###(# #.#o# ..#.# ##.#.##.#
#.#.#
###.###.###.#.#########<#.#
.......## ##.)..........#


You could see Duvessa (berserk) and an orc priest.

Vanquished Creatures
  Menkaure (D:4)
  A black bear (D:4)
  Dowan (D:4)
  Terence (D:3)
  A hound skeleton (D:4)
  4 adders
  An adder skeleton (D:3)
  2 worms (D:3)
  3 dart slugs
  2 orcs
  6 ball pythons
  4 endoplasms
  A giant cockroach (D:3)
  10 goblins
  12 hobgoblins
  7 jackals
  5 kobolds
  4 bats (D:1)
  6 rats
  A spectral hobgoblin (D:1)
73 creatures vanquished.

Notes
Turn   | Place    | Note
-------+----------+-------------------------------------------
     0 | D:1      | thesequoiad the Minotaur Fighter began the quest for the
                  | Orb.
     0 | D:1      | Reached XP level 1. HP: 19/19 MP: 0/0
    31 | D:1      | Found Wesosir's Weapon Emporium.
   158 | D:1      | Reached XP level 2. HP: 21/27 MP: 1/1
   533 | D:1      | Reached XP level 3. HP: 31/33 MP: 2/2
   723 | D:2      | Found a faded altar of an unknown god.
   827 | D:2      | Found a burning altar of Makhleb.
  1003 | D:2      | Reached XP level 4. HP: 41/41 MP: 3/3
  1288 | D:3      | Found a glowing golden altar of the Shining One.
  1438 | D:3      | Noticed Terence
  1448 | D:3      | Killed Terence
  1957 | D:3      | Reached skill level 5 in Fighting
  1957 | D:3      | Reached XP level 5. HP: 47/48 MP: 4/4
  2118 | D:4      | Reached skill level 5 in Shields
  2124 | D:4      | Noticed a black bear
  2131 | D:4      | Killed a black bear
  2409 | D:4      | Noticed Menkaure
  2417 | D:4      | Killed Menkaure
  2418 | D:4      | Reached skill level 5 in Axes
  2418 | D:4      | Reached XP level 6. HP: 16/57 MP: 5/5
  2668 | D:4      | Found a staircase to the Ecumenical Temple.
  2668 | D:4      | Noticed Natasha
  2691 | Temple   | Entered the Ecumenical Temple
  2843 | D:4      | Noticed Dowan
  2844 | D:4      | Noticed Duvessa
  2848 | D:4      | Killed Dowan
  2858 | D:4      | HP: 1/57 [Duvessa (6)]
  2859 | D:4      | Gained mutation: You occasionally shout uncontrollably at
                  | your foes. [potion of mutation]
  2859 | D:4      | Gained mutation: You are agile. (Dex +2) [potion of
                  | mutation]
  2859 | D:4      | Gained mutation: You evolve. [potion of mutation]
  2859 | D:4      | Gained mutation: You are very agile. (Dex +4) [potion of
                  | mutation]
  2860 | D:4      | Slain by Duvessa

Illustrated notes

Levels and vault maps discovered:
D:1:      minmay_arrival_glassed_features, layout_basic, serial_shops, shop
D:2:      layout_rooms, basic_altar, dreamdust_ecumenical_altar_drowned_temple
D:3:      layout_loops_corners, mainiacjoe_overflow_brackets, uniq_terence
D:4:      layout_loops_ring, zin_purify, temple_fountains,
          minmay_misc_feat_room, uniq_natasha, uniq_menkaure, uniq_grinder,
          uniq_duvessa
Temple:   zaba_magenta_temple

Skill      XL: |  1  2  3  4  5  6 |
---------------+-------------------+-----
Fighting       | 4 5 6 |  6.0
Shields        | 4 5 6 |  6.0
Axes           | 3 4 5 |  5.3
Armour         | |  3.6

Action                   |  1- 3 |  4- 6 || total
-------------------------+-------+-------++-------
Melee: War axe           |    84 |    82 ||   166
       Headbutt          |    13 |    13 ||    26
Throw: Boomerang         |       |    11 ||    11
  Use: Potion            |       |     4 ||     4
Armor: Scale mail        |    43 |    33 ||    76
Dodge: Dodged            |    26 |    26 ||    52
Block: Kite shield       |    42 |    46 ||    88
